TOP OF THE 1ST |
West Virginia Black Bears batting - Pitching for Boise Hawks : RHP Ricky de la Rosa
|
Pitching: RHP Ricky de la Rosa
|
|
Batting: RHB Melvin Durland
|
0-0: Called Strike 0-1: Ball 1-1: Foul Ball, location: 2F 1-2: Strikes out looking
|
Batting: LHB Norm Silveira-Wray
|
0-0: Ball 1-0: Ball 2-0: Fly out, F8 (Flyball, 8RD, EV 87.5 MPH)
|
Batting: RHB Jeff Edwards
|
0-0: Ball 1-0: Ball 2-0: Ground out 5-3 (Groundball, 56, EV 87.5 MPH)
|
Top of the 1st over - 0 runs, 0 hits, 0 errors, 0 left on base; West Virginia 0 - Boise 0 |
BOTTOM OF THE 1ST |
Boise Hawks batting - Pitching for West Virginia Black Bears : LHP Alfredo Carranza
|
Pitching: LHP Alfredo Carranza
|
|
Batting: LHB Jerry Santana
|
0-0: Called Strike 0-1: Foul Ball, location: 2F 0-2: Ball 1-2: Strikes out swinging
|
Batting: SHB Ken Griffey IV
|
0-0: Ball 1-0: Ball 2-0: Ball 3-0: Called Strike 3-1: Fly out, F8 (Flyball, 8LD, EV 103.8 MPH)
|
Batting: LHB Jason Ryan
|
0-0: Foul Ball, location: 2F 0-1: Called Strike 0-2: Ball 1-2: Strikes out looking
|
Bottom of the 1st over - 0 runs, 0 hits, 0 errors, 0 left on base; West Virginia 0 - Boise 0 |
TOP OF THE 2ND |
West Virginia Black Bears batting - Pitching for Boise Hawks : RHP Ricky de la Rosa
|
Batting: LHB Donald Imre
|
0-0: Swinging Strike 0-1: Ball 1-1: Called Strike 1-2: Ground out 5-3 (Groundball, 56S, EV 76.9 MPH)
|
Batting: RHB Chris McCoy
|
0-0: Swinging Strike 0-1: Foul Ball, location: 2F 0-2: Ball 1-2: Ground out 6-3 (Groundball, 6, EV 78.1 MPH)
|
Batting: RHB Tom Tate
|
0-0: Ball 1-0: Called Strike 1-1: Ball 2-1: Fly out, F8 (Flyball, 8RD, EV 94.4 MPH)
|
Top of the 2nd over - 0 runs, 0 hits, 0 errors, 0 left on base; West Virginia 0 - Boise 0 |
BOTTOM OF THE 2ND |
Boise Hawks batting - Pitching for West Virginia Black Bears : LHP Alfredo Carranza
|
Batting: SHB Chris Besselman
|
0-0: Ball 1-0: Ball 2-0: Foul Ball, location: 2F 2-1: Called Strike 2-2: Ball 3-2: Strikes out swinging
|
Batting: RHB Brent Montagano
|
0-0: Ball 1-0: Ground out 6-3 (Groundball, 6MS, EV 68.8 MPH)
|
Batting: RHB Juan Gallardo
|
0-0: Ball 1-0: Ball 2-0: Ball 3-0: Base on Balls
|
Batting: RHB Bob Hayes
|
0-0: Ball 1-0: Ball 2-0: Fielders Choice at 2nd, 6-4 (Groundball, 6, EV 83.1 MPH)
|
Bottom of the 2nd over - 0 runs, 0 hits, 0 errors, 1 left on base; West Virginia 0 - Boise 0 |
TOP OF THE 3RD |
West Virginia Black Bears batting - Pitching for Boise Hawks : RHP Ricky de la Rosa
|
Batting: LHB Brandon Sarni
|
0-0: Ball 1-0: Called Strike 1-1: Fly out, F7 (Flyball, 7, EV 94.4 MPH)
|
Batting: RHB John Goynes
|
0-0: Foul Ball, location: 2F 0-1: SINGLE (Line Drive, 89S, EV 103.8 MPH)
|
Batting: RHB Brian Moore
|
0-0: Ball 1-0: Fly out, F4 (Popup, 4D, EV 48.8 MPH)
|
Batting: RHB Melvin Durland
|
0-0: Foul Ball, location: 2F 0-1: Called Strike 0-2: Fielders Choice at 2nd, 6-4 (Groundball, 6, EV 82.5 MPH)
|
Top of the 3rd over - 0 runs, 1 hit, 0 errors, 1 left on base; West Virginia 0 - Boise 0 |
BOTTOM OF THE 3RD |
Boise Hawks batting - Pitching for West Virginia Black Bears : LHP Alfredo Carranza
|
Batting: RHB Carlos de Jesus
|
0-0: Foul Ball, location: 2F 0-1: Called Strike 0-2: Strikes out looking
|
Batting: RHB Aaron Burnet
|
0-0: Ball 1-0: Ground out 4-3 (Groundball, 4M, EV 84.4 MPH)
|
Batting: LHB Jerry Santana
|
0-0: Swinging Strike 0-1: Fly out, F6 (Popup, 56, EV 69.4 MPH)
|
Bottom of the 3rd over - 0 runs, 0 hits, 0 errors, 0 left on base; West Virginia 0 - Boise 0 |
TOP OF THE 4TH |
West Virginia Black Bears batting - Pitching for Boise Hawks : RHP Ricky de la Rosa
|
Batting: LHB Norm Silveira-Wray
|
0-0: Called Strike 0-1: Ball 1-1: Ball 2-1: DOUBLE (Line Drive, 89XD, EV 107.5 MPH)
|
Batting: RHB Jeff Edwards
|
0-0: Called Strike 0-1: SINGLE (Groundball, 6MD, EV 107.5 MPH) Norm Silveira-Wray to third Runner from 3rd tries for Home, SAFE, throw by CF to home
|
Batting: LHB Donald Imre
|
0-0: Ball 1-0: Foul Ball, location: 2F 1-1: Fielders Choice at 2nd, 5-4 (Groundball, 5, EV 98.8 MPH)
|
Batting: RHB Chris McCoy
|
0-0: Swinging Strike 0-1: Called Strike 0-2: Ball 1-2: Fly out, F8 (Flyball, 8LD, EV 92.5 MPH)
|
Batting: RHB Tom Tate
|
0-0: Ball 1-0: Ground out 5-3 (Groundball, 56, EV 100.0 MPH)
|
Top of the 4th over - 1 run, 2 hits, 0 errors, 1 left on base; West Virginia 1 - Boise 0 |
BOTTOM OF THE 4TH |
Boise Hawks batting - Pitching for West Virginia Black Bears : LHP Alfredo Carranza
|
Batting: SHB Ken Griffey IV
|
0-0: Foul Ball, location: 2F 0-1: Swinging Strike 0-2: Ball 1-2: Strikes out swinging
|
Batting: LHB Jason Ryan
|
0-0: SINGLE (Groundball, 34D, EV 103.1 MPH)
|
Batting: SHB Chris Besselman
|
0-0: Ball 1-0: Ball 2-0: Fielders Choice at 2nd, 1-4 (Groundball, P, EV 63.1 MPH)
|
Batting: RHB Brent Montagano
|
0-0: Ball 1-0: Ball 2-0: Reached on error, E3 (Groundball, 34, EV 106.2 MPH) Chris Besselman to third
|
Batting: RHB Juan Gallardo
|
0-0: SINGLE (Line Drive, 8RS, EV 113.1 MPH) Chris Besselman scores Brent Montagano to third Runner from 3rd tries for Home, SAFE, throw by CF to home Juan Gallardo to second
|
Batting: RHB Bob Hayes
|
0-0: Swinging Strike 0-1: Called Strike 0-2: Foul Ball, location: 2F 0-2: Foul Ball, location: 2F 0-2: Ball 1-2: Hit by Pitch
|
Batting: RHB Carlos de Jesus
|
0-0: DOUBLE (Groundball, 5L, EV 97.5 MPH) Juan Gallardo scores Bob Hayes to third Runner from 3rd tries for Home, SAFE, throw by LF to home
|
Batting: RHB Aaron Burnet
|
0-0: Ball 1-0: Swinging Strike 1-1: Foul Ball, location: 2F 1-2: Ball 2-2: Ball 3-2: Base on Balls
|
Batting: LHB Jerry Santana
|
0-0: Called Strike 0-1: Ball 1-1: Called Strike 1-2: Foul Ball, location: 2F 1-2: Foul Ball, location: 2F 1-2: Strikes out swinging
|
Bottom of the 4th over - 4 runs, 3 hits, 1 error, 2 left on base; West Virginia 1 - Boise 4 |
TOP OF THE 5TH |
West Virginia Black Bears batting - Pitching for Boise Hawks : RHP Ricky de la Rosa
|
Batting: LHB Brandon Sarni
|
0-0: Called Strike 0-1: Fly out, F5 (Popup, 5S, EV 83.1 MPH)
|
Batting: RHB John Goynes
|
0-0: Called Strike 0-1: Called Strike 0-2: Ground out 6-3 (Groundball, P, EV 85.0 MPH)
|
Batting: RHB Brian Moore
|
0-0: Called Strike 0-1: Ground out 4-3 (Groundball, 4, EV 85.0 MPH)
|
Top of the 5th over - 0 runs, 0 hits, 0 errors, 0 left on base; West Virginia 1 - Boise 4 |
BOTTOM OF THE 5TH |
Boise Hawks batting - Pitching for West Virginia Black Bears : LHP Alfredo Carranza
|
Batting: SHB Ken Griffey IV
|
0-0: Called Strike 0-1: Ball 1-1: Swinging Strike 1-2: Ball 2-2: Foul Ball, location: 2F 2-2: Strikes out swinging
|
Batting: LHB Jason Ryan
|
0-0: Fly out, F9 (Flyball, 9D, EV 99.4 MPH)
|
Batting: SHB Chris Besselman
|
0-0: Called Strike 0-1: Foul Ball, location: 2F 0-2: Ball 1-2: Ground out 5-3 (Groundball, 5, EV 82.5 MPH)
|
Bottom of the 5th over - 0 runs, 0 hits, 0 errors, 0 left on base; West Virginia 1 - Boise 4 |
TOP OF THE 6TH |
West Virginia Black Bears batting - Pitching for Boise Hawks : RHP Ricky de la Rosa
|
Batting: RHB Melvin Durland
|
0-0: Ball 1-0: Ball 2-0: Called Strike 2-1: Ground out 4-3 (Groundball, 4, EV 88.1 MPH)
|
Batting: LHB Norm Silveira-Wray
|
0-0: Fly out, F8 (Flyball, 89M, EV 87.5 MPH)
|
Batting: RHB Jeff Edwards
|
0-0: Ball 1-0: Called Strike 1-1: Foul Ball, location: 2F 1-2: Ball 2-2: Foul Ball, location: 2F 2-2: Ground out 3-1 (Groundball, 34S, EV 80.6 MPH)
|
Top of the 6th over - 0 runs, 0 hits, 0 errors, 0 left on base; West Virginia 1 - Boise 4 |
BOTTOM OF THE 6TH |
Boise Hawks batting - Pitching for West Virginia Black Bears : LHP Alfredo Carranza
|
Batting: RHB Brent Montagano
|
0-0: Foul Ball, location: 2F 0-1: Ball 1-1: Fly out, F3 (Popup, 3F, EV 69.4 MPH)
|
Batting: RHB Juan Gallardo
|
0-0: Ball 1-0: Foul Ball, location: 2F 1-1: Ball 2-1: Called Strike 2-2: Strikes out swinging
|
Batting: RHB Bob Hayes
|
0-0: Foul Ball, location: 2F 0-1: Called Strike 0-2: Hit by Pitch
|
Pitching: RHP Frank Morris
|
|
Batting: RHB Carlos de Jesus
|
0-0: Called Strike 0-1: Swinging Strike 0-2: Ball Bob Hayes is caught stealing 2nd base 2-4
|
Bottom of the 6th over - 0 runs, 0 hits, 0 errors, 0 left on base; West Virginia 1 - Boise 4 |
TOP OF THE 7TH |
West Virginia Black Bears batting - Pitching for Boise Hawks : RHP Ricky de la Rosa
|
Batting: LHB Donald Imre
|
0-0: Ball 1-0: Called Strike 1-1: Swinging Strike 1-2: Ball 2-2: Ball 3-2: Base on Balls
|
Batting: RHB Chris McCoy
|
0-0: Called Strike 0-1: Foul Ball, location: 2F 0-2: Fielders Choice at 2nd, 6-4 (Groundball, 56, EV 80.0 MPH)
|
Pitching: LHP Josh Alvarez
|
|
Batting: RHB Tom Tate
|
0-0: Called Strike 0-1: Swinging Strike 0-2: Ball 1-2: Ball 2-2: Ball 3-2: Foul Ball, location: 2F 3-2: Fly out, F7 (Flyball, 78M, EV 96.9 MPH)
|
Pinch Hitting: RHB Nick Wilkins
|
0-0: Called Strike 0-1: Called Strike Chris McCoy steals 2nd base 0-2: Fly out, F9 (Flyball, 9S, EV 94.4 MPH)
|
Top of the 7th over - 0 runs, 0 hits, 0 errors, 1 left on base; West Virginia 1 - Boise 4 |
BOTTOM OF THE 7TH |
Boise Hawks batting - Pitching for West Virginia Black Bears : RHP Frank Morris
|
Now at SS: Randy Boone
|
|
Batting: RHB Carlos de Jesus
|
0-0: Called Strike 0-1: Swinging Strike 0-2: Ball 1-2: Ball 2-2: Ball 3-2: Foul Ball, location: 2F 3-2: Strikes out swinging
|
Batting: RHB Aaron Burnet
|
0-0: Ball 1-0: Foul Ball, location: 2F 1-1: Foul Ball, location: 2F 1-2: Strikes out looking
|
Batting: LHB Jerry Santana
|
0-0: Foul Ball, location: 2F 0-1: Swinging Strike 0-2: Ball 1-2: Foul Ball, location: 2F 1-2: Strikes out swinging
|
Bottom of the 7th over - 0 runs, 0 hits, 0 errors, 0 left on base; West Virginia 1 - Boise 4 |
TOP OF THE 8TH |
West Virginia Black Bears batting - Pitching for Boise Hawks : LHP Josh Alvarez
|
Batting: RHB John Goynes
|
0-0: Ball 1-0: Swinging Strike 1-1: Ball 2-1: Ground out 5-3 (Groundball, 56S, EV 87.5 MPH)
|
Batting: RHB Brian Moore
|
0-0: Swinging Strike 0-1: Foul Ball, location: 2F 0-2: Ground out 1-3 (Groundball, 13S, EV 76.9 MPH)
|
Batting: RHB Melvin Durland
|
0-0: Called Strike 0-1: Called Strike 0-2: Foul Ball, location: 2F 0-2: Ball 1-2: Ball 2-2: SOLO HOME RUN (Flyball, 7LD, EV 91.2 MPH), Distance : 329 ft
|
Batting: LHB Norm Silveira-Wray
|
0-0: Ball 1-0: Ball 2-0: Ball 3-0: Fly out, F8 (Line Drive, 8LM, EV 84.4 MPH)
|
Top of the 8th over - 1 run, 1 hit, 0 errors, 0 left on base; West Virginia 2 - Boise 4 |
BOTTOM OF THE 8TH |
Boise Hawks batting - Pitching for West Virginia Black Bears : RHP Frank Morris
|
Batting: SHB Ken Griffey IV
|
0-0: Ball 1-0: Ball 2-0: Called Strike 2-1: Foul Ball, location: 2F 2-2: Strikes out swinging
|
Batting: LHB Jason Ryan
|
0-0: Foul Ball, location: 2F 0-1: Ground out 4-3 (Groundball, 4, EV 88.8 MPH)
|
Batting: SHB Chris Besselman
|
0-0: Ball 1-0: Ball 2-0: Called Strike 2-1: DOUBLE (Flyball, 89D, EV 106.9 MPH)
|
Pitching: RHP Ian Ferrara
|
|
Batting: RHB Brent Montagano
|
0-0: Foul Ball, location: 2F 0-1: Ball 1-1: Ball 2-1: Ground out 4-3 (Groundball, 4M, EV 84.4 MPH)
|
Bottom of the 8th over - 0 runs, 1 hit, 0 errors, 1 left on base; West Virginia 2 - Boise 4 |
TOP OF THE 9TH |
West Virginia Black Bears batting - Pitching for Boise Hawks : LHP Josh Alvarez
|
Pitching: RHP Ryan Squire
|
|
Now at 1B: Brad Madden
|
|
Batting: RHB Jeff Edwards
|
0-0: Called Strike 0-1: Hit by Pitch
|
Batting: LHB Donald Imre
|
0-0: Ball 1-0: Fielders Choice at 2nd, 6-4 (Groundball, 6, EV 83.8 MPH)
|
Batting: LHB Joe Wise
|
0-0: Ball 1-0: Fielders Choice at 2nd, 6-4 (Groundball, 6M, EV 85.0 MPH)
|
Batting: RHB Tom Tate
|
0-0: Ball 1-0: Swinging Strike 1-1: Fly out, F8 (Line Drive, 8LS, EV 93.8 MPH)
|
Top of the 9th over - 0 runs, 0 hits, 0 errors, 1 left on base; West Virginia 2 - Boise 4 |
|